 Dungeon Crawl Stone Soup version 0.28.0 (webtiles) character file.

Game seed: 8443835852444401877

43 GrayStillPlays the Sneak (level 3, 0/16 HPs)
             Began as a Vine Stalker Enchanter on Feb 8, 2022.
             Slain by an adder (2 damage)
             ... on level 2 of the Dungeon.
             The game lasted 00:02:13 (1273 turns).

GrayStillPlays the Sneak (Vine Stalker Enchanter)   Turns: 1273, Time: 00:02:13

Health: 0/16       AC:  2    Str: 10    XL:     3   Next: 58%
Magic:  0/7        EV: 12    Int: 17    God:
Gold:   26         SH:  0    Dex: 14    Spells: 5/7 levels left

rFire   . . .      SeeInvis .   l - +3 short sword {short}
rCold   . . .      Faith    .   (no shield)
rNeg    . . .      Spirit   +   b - +0 robe
rPois   .          Reflect  .   (no helmet)
rElec   .          Harm     .   (no cloak)
rCorr   .          Rampage  .   (no gloves)
Will    .....                   (no boots)
Stlth   +++.......              (no amulet)
HPRegen 0.05/turn               (no ring)
MPRegen 0.10/turn               (no ring)

@: lethally poisoned (0 -> -8)
A: fangs 2, magic shield, antimagic bite, no potion heal 2
a: no special abilities


You were on level 2 of the Dungeon.
You visited 1 branch of the dungeon, and saw 2 of its levels.

You collected 26 gold pieces.


Innate Abilities, Weirdness & Mutations

You have extremely sharp teeth.
When hurt, damage is shared between your health and your magic reserves.
Your bite disrupts and absorbs the magic of your enemies.
Potions cannot restore your health.


   Skills:
 + Level 1.4 Short Blades
 + Level 2.0 Dodging
 + Level 4.1 Stealth
 + Level 2.6 Spellcasting
 + Level 3.3 Hexes


You had 5 spell levels left.
You knew the following spells:

 Your Spells              Type           Power      Damage    Failure   Level
a - Ensorcelled Hibernat  Hex/Ice        14%        N/A       14%         2

Your spell library contained the following spells:

 Spells                   Type           Power      Damage    Failure   Level
 Confusing Touch          Hex            13%        N/A       14%         3
 Tukima's Dance           Hex            13%        N/A       14%         3
 Dazzling Flash           Conj/Hex       14%        N/A       28%         3

Inventory:

Hand Weapons
 a - a +1 dagger {short}
 h - a +0 dagger of venom {short}
   (You found it on level 1 of the Dungeon)
 l - a +3 short sword (weapon) {short}
   (You took it off a kobold on level 1 of the Dungeon)
Missiles
 e - 14 stones (quivered) {throwing}
 i - 18 arrows
 j - 20 sling bullets
Armour
 b - a +0 robe (worn)
 f - a +0 pair of gloves
   (You found it on level 1 of the Dungeon)
Jewellery
 g - a ring of fire
   (You found it on level 1 of the Dungeon)
Wands
 m - a wand of iceblast (13)
   (You found it on level 2 of the Dungeon)
Scrolls
 n - a scroll of identify {unknown}
Potions
 c - a potion of invisibility
 d - a potion of might {unknown}
 k - a potion of degeneration {unknown}
 o - a potion of curing {unknown}

Dungeon Overview and Level Annotations

Branches:
Dungeon (2/15)

Altars:

Shops:
D:1

: #....# #....#
####### #....##
##.....# ..... #
##.....r. .... .##
#....)... ..# ..#
#....†... #S# #.#
#........ #@###.#
#........ #..##.#
##........
##.##.###.........
#>...)#.†##.....#
####....#####.###
#....#####.#
###..##....#
######.....####
...........##


You could see an adder.


Message History

The quokka bites you. 😕 HP[-2] MP[-2]
You take 2 damage, and now have 14/16 hp.
You lost 2 mp, and now have 5/7 mp.
You hit the quokka.
The kobold shouts!
The quokka misses you.
You barely miss the quokka. Your bite misses the quokka.
The kobold hits you with a +0 short sword.
The quokka bites you.
The kobold closely misses you. 😮 HP[-4] MP[-1]
You take 4 damage, and now have 10/16 hp.
MASSIVE DAMAGE!! (PAUSE)
You lost 1 mp, and now have 4/7 mp.
You hit the quokka.
You kill the quokka!
The kobold hits you with a +0 short sword. 😮 HP[-1]
You take 1 damage, and now have 9/16 hp.
You closely miss the kobold.
A bat comes into view.
The kobold completely misses you. 😮 HP[+1]
You miss the kobold.
The kobold hits you with a +0 short sword.
* * * LOW HITPOINT WARNING * * *
😨 HP[-3] MP[-2]
You take 3 damage, and now have 7/16 hp.
You lost 2 mp, and now have 2/7 mp.
You puncture the kobold!
You kill the kobold!
Found a stone staircase leading up.
You see here a +0 short sword {short}.
The bat completely misses you. The bat misses you. 😨 MP[+1]
The bat barely misses you. The bat misses you.
The bat hits you but does no damage.
You see here a fizzy pink potion.
You hit the bat.
You kill the bat!
A rat comes into view.
You see here a bat corpse. 😨 MP[+1]
You start resting. 😮 HP[+2] MP[+3]
You regained 2 hp, and now have 9/16 hp.
Your mp is fully restored (7).
You start resting.
A rat is nearby!
A rat is nearby! 😮 HP[+1]
You closely miss the rat. You bite the rat.
You kill the rat!
o - a fizzy pink potion 😎 HP[+6]
Your hp is fully restored (16).
You see here a +0 short sword {short}.
A giant cockroach comes into view.
An adder comes into view.
The adder hisses angrily.
The giant cockroach completely misses you.
You hit the giant cockroach.
The giant cockroach bites you but does no damage.
You barely miss the giant cockroach. You bite the giant cockroach.
You drain its power. The giant cockroach bites you. 😕 HP[-1]
You take 1 damage, and now have 15/16 hp.
You hit the giant cockroach.
You kill the giant cockroach!
You hit the adder. Your bite misses the adder. The adder closely misses you.
The adder bites you. 😕 HP[-2] MP[-2]
You take 2 damage, and now have 13/16 hp.
You lost 2 mp, and now have 5/7 mp.
You hit the adder. The adder bites you.
You are poisoned.
The adder poisons you! 😮 HP[-2] MP[-1]
You take 2 damage, and now have 11/16 hp.
You lost 1 mp, and now have 4/7 mp.
You closely miss the adder. Your bite misses the adder.
You feel sick. The adder barely misses you. 😮 HP[-2]
You take 2 damage, and now have 9/16 hp.
You hit the adder. You bite the adder, but do no damage.
You feel sick. The adder barely misses you. The adder bites you.
* * * LOW HITPOINT WARNING * * *
You are lethally poisoned!
The adder poisons you! 😨 HP[-4] MP[-2]
You take 4 damage, and now have 5/16 hp.
MASSIVE DAMAGE!! (PAUSE)
You lost 2 mp, and now have 2/7 mp.
You closely miss the adder.
* * * LOW HITPOINT WARNING * * *
You feel very sick. The adder bites you.
You die...

Skill      XL: |  1  2  3 |
---------------+----------+-----
Short Blades   | 1 |  1.4
Stealth        | 4 |  4.1
Dodging        | 2 |  2.0
Spellcasting   | |  2.6
Hexes          | |  3.3

Action                   || total
-------------------------++-------
Melee: Dagger            ||    26
       Bite              ||    10
       Short sword       ||    38
 Stab: Sleeping          ||     8
Armor: Robe              ||    11
Dodge: Dodged            ||    31

Levels and vault maps discovered:
D:1:      eino_arrival_cavern_e, layout_loops_ring, serial_shops,
          nicolae_shop_trees
D:2:      layout_rooms, serial_shops, shop

Notes
Turn   | Place    | Note
-------+----------+-------------------------------------------
     0 | D:1      | GrayStillPlays the Vine Stalker Enchanter began the quest
                  | for the Orb.
     0 | D:1      | Reached XP level 1. HP: 9/9 MP: 4/4
     0 | D:1      | magus.rc [v1.9.6]
   230 | D:1      | Reached skill level 1 in Short Blades
   364 | D:1      | Reached XP level 2. HP: 13/13 MP: 6/6
   474 | D:1      | Found Efaujysum's Book Shoppe.
   873 | D:2      | Reached skill level 4 in Stealth
   881 | D:2      | Reached XP level 3. HP: 12/16 MP: 5/7
   891 | D:2      | Learned a level 2 spell: Ensorcelled Hibernation
   977 | D:2      | Reached skill level 2 in Dodging
  1273 | D:2      | HP: 2/16 [poisoned by an adder]
  1273 | D:2      | Slain by an adder

Vanquished Creatures
  An adder (D:2)
  A worm (D:2)
  3 ball pythons
  5 bats
  2 endoplasms
  A giant cockroach (D:2)
  A hobgoblin (D:1)
  3 kobolds
  3 quokkas
  2 frilled lizards (D:2)
  3 goblins (D:1)
  4 rats
29 creatures vanquished.

Table legend:
 A = Non-vault XP
 B = Vault XP
 C = Vault XP percentage of total XP
 D = Non-vault monster count
 E = Vault monster count
 F = Vault count percentage of total count
                 A         B        C        D         E       F
            +---------+---------+-------+---------+---------+-------
      Total |      62 |       0 |   0.0 |      29 |       0 |   0.0
            +---------+---------+-------+---------+---------+-------
        D:1 |      27 |       0 |   0.0 |      17 |       0 |   0.0
        D:2 |      35 |       0 |   0.0 |      12 |       0 |   0.0
            +---------+---------+-------+---------+---------+-------

Illustrated notes

Table legend:
 A = Kills in this place as a percentage of kills in entire the game.
 B = Kills by you in this place as a percentage of kills by you in the entire game.
 C = Kills by friends in this place as a percentage of kills by friends in the entire game.
 D = Other kills in this place as a percentage of other kills in the entire game.
 E = Experience gained in this place as a percentage of experience gained in the entire game.
 F = Experience gained in this place divided by the number of levels of this place that you have seen.
                   A       B       C       D       E      F
               +-------+-------+-------+-------+-------+----------------------
         Total | 100.0 | 100.0 |   N/A |   N/A | 100.0 |  31.0
       Dungeon | 100.0 | 100.0 |   N/A |   N/A | 100.0 |  31.0
               +-------+-------+-------+-------+-------+----------------------

Table legend: (Time is in decaauts)
 A = Elapsed time spent in this place.
 B = Non-inter-level travel time spent in this place.
 C = Inter-level travel time spent in this place.
 D = Time resting spent in this place.
 E = Time spent auto-exploring this place.
 F = Levels seen in this place.
 G = Mean time per level.
                   A        B        C        D        E       F      G
               +--------+--------+--------+--------+--------+-----+--------+
         Total |   1271 |   1217 |     54 |    134 |    873 |   2 |  635.5 |
       Dungeon |   1271 |   1217 |     54 |    134 |    873 |   2 |  635.5 |
               +--------+--------+--------+--------+--------+-----+--------+

Top non-repeatable levels by time:
     D:1: 854 daAuts
     D:2: 417 daAuts
